 Dungeon Crawl Stone Soup version 0.28-a0-1080-g05a166d0ed (webtiles) character file.

Game seed: 4583940445509934340

28 leviel the Skirmisher (level 3, -2/33 HPs)
             Began as a Hill Orc Fighter on Dec 9, 2021.
             Slain by Sigmund (3 damage)
             ... on level 2 of the Dungeon.
             The game lasted 00:01:24 (1338 turns).

leviel the Skirmisher (Hill Orc Fighter)            Turns: 1338, Time: 00:01:25

Health: -2/33      AC:  6    Str: 20    XL:     3   Next: 14%
Magic:  3/3        EV:  9    Int:  8    God:
Gold:   46         SH:  4    Dex: 10    Spells: 2/2 levels left

rFire   . . .      SeeInvis .   a - +0 long sword
rCold   . . .      Faith    .   c - +0 buckler
rNeg    . . .      Spirit   .   b - +0 scale mail
rPois   .          Reflect  .   (no helmet)
rElec   .          Harm     .   (no cloak)
rCorr   .          Rampage  .   (no gloves)
Will    .....                   (no boots)
Stlth   ..........              (no amulet)
HPRegen 0.11/turn               (no ring)
MPRegen 0.08/turn               (no ring)

@: mighty
A: no striking features
a: no special abilities


You were on level 2 of the Dungeon.
You visited 1 branch of the dungeon, and saw 2 of its levels.

You collected 46 gold pieces.

Inventory:

Hand Weapons
 a - a +0 long sword (weapon)
Armour
 b - a +0 scale mail (worn)
 c - a +0 buckler (worn)
Potions
 f - a potion of resistance


   Skills:
 + Level 4.0 Fighting
 + Level 2.7 Long Blades
 + Level 3.6 Armour
 + Level 3.6 Shields


You had 2 spell levels left.
You didn't know any spells.
Your spell library contained the following spells:

 Spells                   Type           Power      Damage    Failure   Level
 Freeze                   Ice            0%         1d3       77%         1
 Frozen Ramparts          Ice            0%         1d2       98%         3
 Hailstorm                Conj/Ice       0%         3d3       100%        4


Dungeon Overview and Level Annotations

Branches:
Dungeon (2/15)

Altars:

Annotations:
D:2 Sigmund


Message History

No target in view!
You see here a dart slug corpse.
You now have 46 gold pieces (gained 17).
There is a stone staircase leading up here.
You pick up a book of Frost and begin reading...
You add the spells Freeze, Frozen Ramparts and Hailstorm to your library.
Sigmund the Dreaded comes into view.
He is wielding a +0 scythe.
Sigmund says, "Don't worry, I'll kill you fast."
Sigmund barely misses you.
Sigmund is nearby!
Sigmund is nearby!
Sigmund casts a spell at you.
You are confused.
You feel very mighty all of a sudden.
Sigmund drinks a potion.
Sigmund seems to grow stronger.
You bump into the rock wall.
Sigmund hits you with a +0 scythe.
You bump into the rock wall.
You slash Sigmund!
Sigmund is moderately wounded.
Sigmund mumbles some strange words.
Sigmund flickers and vanishes!
Deactivating autopickup; reactivate with Ctrl-A.
Something hits you!
You miss something.
You feel less confused.
You barely miss something. Something hits you!
* * * LOW HITPOINT WARNING * * *
You miss something. Something hits you.
* * * LOW HITPOINT WARNING * * *
You closely miss something. Something hits you.
* * * LOW HITPOINT WARNING * * *
You completely miss something. Something hits you but does no damage.
You barely miss something.
You hear some strange, mumbled words.
Something tries to affect you, but you resist.
You closely miss something. Something hits you.
* * * LOW HITPOINT WARNING * * *
You barely miss something. You closely miss something. Something hits you.
You die...

.....#..#.#
#.........#
..#####.###
#.# #.# #.#
#####.#####
#.........#
#...###.###@#
.. #.# #{#
#.. ...
...##.##
......#
#...####
##.##


There were no monsters in sight!

Vanquished Creatures
  A dart slug (D:2)
  An endoplasm (D:1)
  4 hobgoblins
  2 jackals (D:1)
  A quokka (D:1)
  2 ball pythons (D:1)
  2 bats (D:1)
  A frilled lizard (D:1)
  4 goblins (D:1)
  3 kobolds (D:1)
  4 rats
25 creatures vanquished.

Notes
Turn   | Place    | Note
-------+----------+-------------------------------------------
     0 | D:1      | leviel the Hill Orc Fighter began the quest for the Orb.
     0 | D:1      | Reached XP level 1. HP: 19/19 MP: 1/1
   242 | D:1      | Reached XP level 2. HP: 26/27 MP: 2/2
   743 | D:1      | Reached skill level 4 in Fighting
  1113 | D:2      | Reached XP level 3. HP: 30/33 MP: 3/3
  1324 | D:2      | Noticed Sigmund
  1336 | D:2      | HP: 1/33 [something (1)]
  1338 | D:2      | Slain by Sigmund

Illustrated notes

Levels and vault maps discovered:
D:1:      roderic_crop_circles_arrival_small, layout_loops_corners,
          minmay_stone_trees_small
D:2:      layout_loops_corners, uniq_sigmund

Skill      XL: |  1  2 |
---------------+-------+-----
Fighting       | 4 |  4.0
Long Blades    | |  2.7
Armour         | |  3.6
Shields        | |  3.6

Action                   || total
-------------------------++-------
Melee: Long sword        ||    82
  Use: Scroll            ||     3
       Potion            ||     1
Armor: Scale mail        ||    48
Dodge: Dodged            ||    37
Block: Buckler           ||    19

Table legend: (Time is in decaauts)
 A = Elapsed time spent in this place.
 B = Non-inter-level travel time spent in this place.
 C = Inter-level travel time spent in this place.
 D = Time resting spent in this place.
 E = Time spent auto-exploring this place.
 F = Levels seen in this place.
 G = Mean time per level.
                   A        B        C        D        E       F      G
               +--------+--------+--------+--------+--------+-----+--------+
         Total |   1360 |   1328 |     32 |      0 |   1131 |   2 |  680.0 |
       Dungeon |   1360 |   1328 |     32 |      0 |   1131 |   2 |  680.0 |
               +--------+--------+--------+--------+--------+-----+--------+

Top non-repeatable levels by time:
     D:1: 1118 daAuts
     D:2: 242 daAuts
